 Dungeon Crawl Stone Soup version 0.28-a0-845-gfc338a8e3c (webtiles) character file.

Game seed: 13978751883674858365

21271 Twinkles the Thaumaturge (level 12, -14/73 HPs)
             Began as a Deep Elf Conjurer on Nov 11, 2021.
             Was a Believer of Vehumet.
             Demolished by a catoblepas (29 damage)
             ... on level 3 of the Lair of Beasts on Nov 12, 2021.
             The game lasted 02:53:13 (25668 turns).

Twinkles the Thaumaturge (Deep Elf Conjurer)       Turns: 25668, Time: 02:53:14

Health: -14/73     AC: 10    Str:  4    XL:     12   Next: 52%
Magic:  21/30      EV: 21    Int: 29    God:    Vehumet [**....]
Gold:   267        SH:  0    Dex: 13    Spells: 12/35 levels left

rFire   . . .      SeeInvis .   b - +4 shortbow (flame)
rCold   . . .      Faith    .   (shield currently unavailable)
rNeg    . . .      Spirit   .   n - +1 robe
rPois   .          Reflect  .   f - +0 hat
rElec   .          Harm     .   K - +2 cloak
rCorr   .          Rampage  .   (no gloves)
Will    +....                   (no boots)
Stlth   +++.......              w - amulet of the acrobat
HPRegen 0.22/turn               N - +4 ring of evasion
MPRegen 0.22/turn               o - +4 ring of protection

@: about to teleport
A: no striking features
a: Renounce Religion


You were on level 3 of the Lair of Beasts.
You worshipped Vehumet.
Vehumet was pleased with you.
You visited 3 branches of the dungeon, and saw 16 of its levels.

You collected 958 gold pieces.
You spent 691 gold pieces at shops.

Inventory:

Hand Weapons
 a - a +2 dagger of electrocution
 b - a +4 shortbow of flaming (weapon)
 g - a +2 short sword of venom
Missiles
 k - 160 arrows (quivered ammo)
 r - a throwing net
 s - 334 stones
 C - 42 poisoned darts
Armour
 d - a scarf of invisibility
 f - a +0 hat (worn)
 n - a +1 robe (worn)
 K - a +2 cloak (worn)
Jewellery
 l - a ring of ice
 m - a ring of wizardry
 o - a +4 ring of protection (right hand)
 u - a ring of resist corrosion
 v - an amulet of guardian spirit
 w - an amulet of the acrobat (around neck)
 y - a ring of positive energy
 H - an amulet of regeneration
 I - a +6 ring of strength
 N - a +4 ring of evasion (left hand)
Wands
 e - a wand of charming (6)
 j - a wand of polymorph (5)
 q - a wand of flame (40)
Scrolls
 c - 3 scrolls of enchant armour
 h - 2 scrolls of magic mapping {unknown}
 i - a scroll of acquirement
 p - 2 scrolls of blinking {unknown}
 t - 5 scrolls of brand weapon {unknown}
 x - 2 scrolls of enchant weapon
 z - 3 scrolls of amnesia {unknown}
 D - a scroll of summoning {unknown}
 E - a scroll of silence {unknown}
 V - a scroll of vulnerability
 W - a scroll of holy word
 Y - 5 scrolls of teleportation
 Z - 8 scrolls of identify
Potions
 A - 2 potions of attraction
 B - 3 potions of brilliance
 F - a potion of lignification {unknown}
 G - a potion of mutation {unknown}
 J - 4 potions of curing
 L - 2 potions of flight
 M - 2 potions of might
 O - a potion of heal wounds {unknown}
 T - 3 potions of berserk rage


   Skills:
 + Level 7.9 Fighting
 - Level 7.0 Bows
 + Level 11.5 Dodging
 - Level 5.0 Stealth
 - Level 12.0 Spellcasting
 + Level 11.2 Conjurations
 - Level 7.8 Hexes
 - Level 2.6 Translocations
 - Level 2.5 Transmutations
 + Level 0.4 Fire Magic
 - Level 3.2 Air Magic


You had 12 spell levels left.
You knew the following spells:

 Your Spells              Type           Power      Damage    Failure   Level
a - Magic Dart            Conj           100%       1d8       1%          1
b - Searing Ray           Conj           100%       2d8       1%          2
c - Fulminant Prism       Conj/Hex       32%        3d16      1%          4
d - Passwall              Tmut/Erth      20%        N/A       2%          2
e - Dazzling Flash        Conj/Hex       100%       N/A       1%          3
f - Iskenderun's Mystic   Conj/Tloc      55%        2d12      1%          4
g - Poisonous Vapours     Pois/Air       52%        N/A       2%          2
h - Slow                  Hex            100%       N/A       1%          1
i - Flame Wave            Conj/Fire      51%        3d10      2%          4

Your spell library contained the following spells:

 Spells                   Type           Power      Damage    Failure   Level
 Static Discharge         Conj/Air       56%        N/A       1%          2
 Foxfire                  Conj/Fire      100%       2x1d9     1%          1
 Confusing Touch          Hex            58%        N/A       1%          3
 Conjure Flame            Conj/Fire      51%        6-21      1%          3
 Inner Flame              Hex/Fire       41%        N/A       1%          3
 Stone Arrow              Conj/Erth      100%       3d13      1%          3
 Sandblast                Erth           34%        2d9       3%          1
 Vampiric Draining        Necr           17%        2d7       9%          3
 Silence                  Hex/Air        24%        N/A       9%          5
 Agony                    Necr           17%        N/A       63%         5


Dungeon Overview and Level Annotations

Branches:
Dungeon (11/15)            Temple (1/1) D:7            Lair (4/6) D:9
 Shoals (0/4) Lair:3
  Snake: Lair:2-4    Spider: Lair:2-4       Orc: D:9-12

Altars:
Ashenzari
Cheibriados
Dithmenos
Elyvilon
Fedhas
Gozag
Hepliaklqana
Kikubaaqudgha
Makhleb
Nemelex Xobeh
Okawaru
Qazlal
Ru
Sif Muna
Trog
Uskayaw
Vehumet
Wu Jian
Xom
Yredelemnul
Zin
The Shining One

Shops:
D:3 *   D:5 (   D:7 (

Annotations:
D:5 2 runed translucent doors, croobank's ghost, weakling BaDe
D:6 Maggie
D:8 Pikel
D:9 2 transporters, exclusion: two-headed ogre, adelrune's ghost, journeyman DjIE
D:11 exclusions: gargoyle, kobold, 2 kobold brigands and kobold demonologist
Lair:4 Sonja


Message History

The blink frog barely misses you.
The blink frog completely misses you. x2
The blink frog blinks!
The blink frog completely misses you. x2
A wave of flame ripples out!
The flame wave engulfs the blink frog!!
The blink frog is severely wounded.
The flame wave engulfs the blink frog!!
You kill the blink frog!
Vehumet accepts your kill.
The flame wave engulfs the catoblepas!
The catoblepas is lightly wounded.
The flame wave engulfs the bush!!
The bush is on fire!
The bush is moderately damaged.
The flame wave engulfs the blink frog!
The blink frog is moderately wounded.
You finish channelling waves of flame.
You hear a bellow!
The bush is engulfed in blazing flames.
The blink frog blinks! x2
The bush is engulfed in blazing flames.
The blink frog blinks!
The catoblepas barely misses you.
The blink frog blinks! x2
You climb upwards.
There is a stone staircase leading down here.
Casting: Flame Wave (dangerous; 2% risk of failure)
Confirm with . or Enter, or press ? or * to list all spells.
Okay, then.
Unknown command.
Casting: Flame Wave (dangerous; 2% risk of failure)
Confirm with . or Enter, or press ? or * to list all spells.
Aiming: Slow (safe; 1% risk of failure)
Press: ? - help, Shift-Dir - straight line, f - catoblepas
Aim: a catoblepas (lightly wounded, chance to affect: 7%)
The catoblepas resists with almost no effort.
The catoblepas gores you!
* * * LOW HITPOINT WARNING * * *
The catoblepas gores you but does no damage.
You feel yourself speed up.
The catoblepas breathes a plume of calcifying dust at you.
The blast of calcifying dust hits you.
* * * LOW HITPOINT WARNING * * *
As you read the scroll of teleportation, it crumbles to dust.
You feel strangely unstable. The catoblepas gores you!!
You die...

..# ###### #####.#
..## ##..#.#### ###
...#####........##
..###.#..........##
..#
#.............####
..#
##.......>....##.#
..# #..........>.#.##
.## ###.......Y§....#
..## #........@§§.##
#..# ###.........##
#..#### #.P.......##
##...(# ##..##.....#
......##########..###
#.......#...####..#
#...........##....#
#..P.........##.###
..P###.#.........#


You could see a catoblepas.

Vanquished Creatures
  2 hydras
  Harold (D:6)
  A lindwurm (Lair:2)
  A manticore (Lair:3)
  Joseph (D:7)
  8 elephants
  A black mamba (Lair:3)
  6 cane toads
  6 komodo dragons
  A hornet (D:9)
  A wind drake (Lair:3)
  3 polar bears (Lair:3)
  Prince Ribbit (D:5)
  4 blink frogs
  2 wyverns
  A vampire (D:8)
  A wraith (D:10)
  24 yaks
  2 steam dragons
  A basilisk (Lair:2)
  A vampire mosquito (D:11)
  Grum (D:8)
  Duvessa (D:7)
  8 water moccasins
  2 ice beasts
  3 black bears
  2 ogres
  7 orc warriors
  8 wolves
  2 centaurs (D:10)
  2 kobold brigands
  11 bullfrogs
  A gnoll sergeant (D:7)
  3 scorpions
  Dowan (D:7)
  A water moccasin zombie (D:3)
  A wyvern skeleton (D:5)
  A jelly (D:6)
  A bullfrog zombie (D:4)
  A centaur zombie (D:9)
  2 hounds
  8 orc priests
  2 centaur skeletons
  Jessica (D:2)
  3 iguanas (D:5)
  12 orc wizards
  A killer bee zombie (D:8)
  A hound skeleton (D:3)
  13 gnolls
  7 adders
  A white imp (D:6)
  3 worms
  4 dart slugs
  31 orcs
  8 endoplasms
  A giant cockroach (D:4)
  4 goblins
  A hobgoblin (D:4)
  5 jackals
  4 quokkas
  3 ball pythons
  6 bats
  6 frilled lizards
  19 kobolds
  12 rats
284 creatures vanquished.

Vanquished Creatures (others)
  A kobold (D:7)
  184 fulminant prisms
  35 fungi
  76 plants
296 creatures vanquished.

Grand Total: 580 creatures vanquished

Notes
Turn   | Place    | Note
-------+----------+-------------------------------------------
     0 | D:1      | Twinkles the Deep Elf Conjurer began the quest for the Orb.
     0 | D:1      | Reached XP level 1. HP: 10/10 MP: 6/6
   362 | D:1      | Reached XP level 2. HP: 16/16 MP: 5/8
   365 | D:1      | Learned a level 2 spell: Searing Ray
  1042 | D:1      | Found a faded altar of an unknown god.
  1361 | D:2      | Noticed a black bear
  1470 | D:2      | Reached XP level 3. HP: 20/20 MP: 4/9
  1734 | D:2      | Reached skill level 1 in Fighting
  1891 | D:2      | Noticed Jessica
  1894 | D:2      | Killed Jessica
  1895 | D:2      | Reached XP level 4. HP: 25/25 MP: 7/11
  2239 | D:2      | Reached skill level 4 in Spellcasting
  2404 | D:2      | Killed a black bear
  2405 | D:2      | Reached skill level 5 in Conjurations
  2405 | D:2      | Reached skill level 1 in Hexes
  2405 | D:2      | Reached XP level 5. HP: 17/30 MP: 4/13
  2909 | D:3      | Found Imuazofo's General Store.
  3236 | D:3      | Reached XP level 6. HP: 27/35 MP: 4/14
  3441 | D:3      | Learned a level 4 spell: Fulminant Prism
  5087 | D:4      | Reached skill level 5 in Spellcasting
  5229 | D:5      | Entered Level 5 of the Dungeon
  5296 | D:5      | Reached XP level 7. HP: 40/40 MP: 11/16
  5402 | D:5      | Noticed Prince Ribbit
  5417 | D:5      | Killed Prince Ribbit
  5418 | D:5      | Reached skill level 5 in Stealth
  6123 | D:5      | Reached skill level 5 in Dodging
  6600 | D:5      | Reached skill level 6 in Spellcasting
  6600 | D:5      | Reached XP level 8. HP: 46/46 MP: 13/19
  6636 | D:5      | Found a runed translucent door.
  6653 | D:5      | Found a runed translucent door.
  6783 | D:5      | Noticed croobank's ghost (weakling BaDe)
  6864 | D:5      | Found Mubo's Weapon Shoppe.
  7181 | D:6      | Noticed Maggie
  7588 | D:6      | Reached skill level 1 in Bows
  7588 | D:6      | Reached skill level 5 in Hexes
  8579 | D:6      | Reached skill level 7 in Spellcasting
  8865 | D:7      | Found Jatyr's Antique Weapon Shop.
  9009 | D:7      | Noticed Harold
  9300 | D:7      | Reached XP level 9. HP: 41/52 MP: 5/21
  9395 | D:7      | Noticed Joseph
  9408 | D:6      | Killed Harold
  9854 | D:5      | Bought a +4 shortbow of flaming for 301 gold pieces
  9937 | D:6      | HP: 12/52 [steam dragon (5)]
 10179 | D:7      | Noticed Dowan
 10352 | D:7      | Reached skill level 8 in Spellcasting
 10565 | D:7      | HP: 11/52 [Joseph/sling bullet (9)]
 10818 | D:7      | Noticed Duvessa
 10857 | D:7      | Killed Joseph
 11512 | D:7      | Found a staircase to the Ecumenical Temple.
 11517 | Temple   | Entered the Ecumenical Temple
 11919 | Temple   | Became a worshipper of Vehumet
 12331 | D:8      | Reached skill level 5 in Fighting
 12659 | D:8      | Noticed Grum
 12672 | D:8      | Reached XP level 10. HP: 59/59 MP: 20/24
 13016 | D:9      | Found a transporter.
 13047 | D:8      | Reached skill level 9 in Spellcasting
 13117 | D:9      | Noticed adelrune's ghost (journeyman DjIE)
 13122 | D:9      | Noticed an ice dragon
 13125 | D:9      | Noticed a cyclops
 13160 | D:9      | Found a staircase to the Lair.
 13195 | D:9      | Found a transporter.
 13223 | D:9      | Noticed a two-headed ogre
 13578 | D:8      | Killed Grum
 13642 | D:8      | Noticed Pikel
 13825 | D:9      | Identified the +6 hand axe "Hiceps" {antimagic, +Blink
                  | Str+4}
 14437 | D:9      | Reached * piety under Vehumet
 14437 | D:9      | Offered knowledge of Foxfire by Vehumet.
 14788 | D:10     | Entered Level 10 of the Dungeon
 15132 | D:10     | Reached skill level 5 in Bows
 15207 | D:10     | Learned a level 2 spell: Passwall
 15211 | D:10     | Learned a level 3 spell: Dazzling Flash
 15367 | D:10     | Found a glowing golden altar of the Shining One.
 15790 | D:11     | Noticed a gargoyle
 15946 | D:11     | Reached skill level 10 in Spellcasting
 16240 | D:11     | HP: 18/60 [something (4)]
 16252 | D:11     | HP: 4/60 [acid dragon/splash of acid (11)]
 16534 | D:10     | Learned a level 4 spell: Iskenderun's Mystic Blast
 16600 | Lair:1   | Entered Level 1 of the Lair of Beasts
 16630 | Lair:1   | Noticed a cane toad
 16758 | Lair:1   | Killed a cane toad
 17138 | Lair:1   | Reached XP level 11. HP: 64/64 MP: 21/27
 17521 | Lair:1   | Identified 2 scrolls of acquirement
 17752 | Lair:1   | Noticed an eight-headed hydra
 17765 | Lair:1   | Killed an eight-headed hydra
 18726 | Lair:2   | Offered knowledge of Poisonous Vapours by Vehumet.
 18777 | Lair:2   | Noticed a catoblepas
 19031 | Lair:1   | Reached skill level 11 in Spellcasting
 19235 | Lair:2   | Noticed a six-headed hydra
 19319 | Lair:2   | Reached ** piety under Vehumet
 19635 | Lair:2   | Killed a six-headed hydra
 19636 | Lair:2   | Reached skill level 10 in Dodging
 19636 | Lair:2   | Reached skill level 10 in Conjurations
 20078 | D:7      | Killed Duvessa
 20084 | D:7      | Killed Dowan
 20217 | D:3      | Bought an amulet of regeneration for 390 gold pieces
 20418 | Lair:1   | Learned a level 2 spell: Poisonous Vapours
 20724 | Lair:2   | Noticed a lindwurm
 20733 | Lair:2   | Killed a lindwurm
 22281 | Lair:3   | Reached skill level 1 in Translocations
 22281 | Lair:3   | Reached XP level 12. HP: 27/72 MP: 4/29
 22534 | Lair:3   | Reached skill level 1 in Transmutations
 22564 | Lair:3   | Reached skill level 1 in Air Magic
 22680 | Lair:3   | Noticed a death yak
 22680 | Lair:3   | Noticed a death yak
 22680 | Lair:3   | Noticed a death yak
 23002 | Lair:3   | Noticed a death yak
 23004 | Lair:3   | Noticed a death yak
 23148 | Lair:3   | Reached skill level 12 in Spellcasting
 23190 | Lair:3   | Learned a level 1 spell: Slow
 23415 | Lair:3   | Offered knowledge of Static Discharge by Vehumet.
 23768 | Lair:3   | Upgraded the game from 0.28-a0-834-g1a73be5ee4 to
                  | 0.28-a0-845-gfc338a8e3c
 23824 | Lair:3   | Found a staircase to the Shoals.
 25075 | Lair:4   | Noticed a catoblepas
 25077 | Lair:4   | Noticed a seven-headed hydra
 25085 | Lair:3   | HP: 20/73 [komodo dragon (18)]
 25638 | Lair:4   | Acquired a book of Flames
 25647 | Lair:4   | Learned a level 4 spell: Flame Wave
 25649 | Lair:4   | Noticed Sonja
 25663 | Lair:3   | HP: 18/73 [catoblepas (14)]
 25668 | Lair:3   | Demolished by a catoblepas

Illustrated notes

Levels and vault maps discovered:
D:1:      dpeg_arrival_renting, layout_basic,
          shapermc_ecumenical_altar_acropolis, minmay_misc_feat_alley,
          minmay_misc_feat_plants
D:2:      layout_basic, minmay_pentomino_q4, uniq_jessica
D:3:      layout_basic, serial_shops, nicolae_diamond_shop
D:4:      layout_loops_ring, hangedman_decor_diamond_cutter,
          minmay_strange_pillars, chequers_serial_rivers_micro_b
D:5:      layout_gridville, ebering_ghost_sewer_f, serial_shops,
          nicolae_shop_temple_entry_statues_fountains, uniq_prince_ribbit1
D:6:      layout_loops_corners, nrook_mini_vaults, solitary_fountain,
          kennysheep_generic_room_12, uniq_maggie
D:7:      layout_layer_cave, minmay_temple_entry_grid, serial_shops,
          nicolae_shop_temple_entry_statues_fountains,
          kennysheep_generic_room_9, uniq_joseph, uniq_duvessa, uniq_harold
D:8:      layout_loops_ring, uniq_pikel, uniq_grum
D:9:      layout_stronghold, david_lair_shrubbed, gammafunk_ghost_arena,
          uniq_psyche
D:10:     layout_irregular_city, tso_oasis_becter
D:11:     layout_basic, special_room [special_room_kobold]
Temple:   mainiacjoe_temple_archimedes_tessellation
Lair:1:   layout_cave_pods
Lair:2:   layout_chaotic_city, serial_bayou_shore_b, grunt_megastairs_2
Lair:3:   layout_cave_pods, minmay_shoals_entry_beasts, minivault_24,
          cheibrodos_lair_lostbears, grunt_megastairs_4
Lair:4:   layout_misc_corridors, nicolae_spider_entry_tight_spaces,
          beast_lair_carwin_10, serial_bayou_shore_b, lemuel_fruit_tree,
          uniq_sonja

Skill      XL: |  1  2  3  4  5  6  7  8  9 10 11 12 |
---------------+-------------------------------------+-----
Stealth        | 3 4 5 |  5.0
Fighting       | 1 2 3 4 5 6 7 |  7.9
Dodging        | 3 4 5 6 7 9 10 11 | 11.5
Spellcasting   | 4 5 6 7 8 10 11 12 | 12.0
Conjurations   | 5 6 7 8 9 10 11 | 11.2
Hexes          | 1 2 3 4 5 7 |  7.8
Bows           | 2 3 5 7 |  7.0
Translocations | 1 2 |  2.6
Transmutations | 2 |  2.5
Air Magic      | 3 |  3.2
Fire Magic     | |  0.4

Action                   |  1- 3 |  4- 6 |  7- 9 | 10-12 || total
-------------------------+-------+-------+-------+-------++-------
Melee: Short sword       |     6 |       |     2 |       ||     8
 Fire: Shortbow          |       |       |    30 |   135 ||   165
 Cast: Magic Dart        |    61 |    33 |    21 |     2 ||   117
       Searing Ray       |     2 |    30 |    57 |    74 ||   163
       Fulminant Prism   |       |       |    33 |   152 ||   185
       Passwall          |       |       |       |     5 ||     5
       Iskenderun's Myst |       |       |       |    11 ||    11
       Dazzling Flash    |       |       |       |     5 ||     5
       Poisonous Vapours |       |       |       |    11 ||    11
       Slow              |       |       |       |     4 ||     4
       Flame Wave        |       |       |       |     2 ||     2
  Use: Scroll            |       |     5 |     5 |    12 ||    22
       Potion            |       |       |     1 |     2 ||     3
Armor: Robe              |     2 |     5 |    22 |    55 ||    84
Dodge: Dodged            |     4 |    17 |    66 |   240 ||   327

Table legend: (Time is in decaauts)
 A = Elapsed time spent in this place.
 B = Non-inter-level travel time spent in this place.
 C = Inter-level travel time spent in this place.
 D = Time resting spent in this place.
 E = Time spent auto-exploring this place.
 F = Levels seen in this place.
 G = Mean time per level.
                   A        B        C        D        E       F      G
               +--------+--------+--------+--------+--------+-----+--------+
         Total |  25738 |  21119 |   4619 |   5867 |  11918 |  16 | 1608.6 |
       Dungeon |  16846 |  14124 |   2722 |   3014 |   9121 |  11 | 1531.5 |
        Temple |    320 |    209 |    111 |      0 |    183 |   1 |  320.0 |
          Lair |   8571 |   6785 |   1786 |   2853 |   2614 |   4 | 2142.8 |
               +--------+--------+--------+--------+--------+-----+--------+

Top non-repeatable levels by time:
     D:6: 3749 daAuts
  Lair:1: 3192 daAuts
  Lair:2: 2768 daAuts
  Lair:3: 2540 daAuts
     D:9: 1932 daAuts
     D:5: 1764 daAuts
     D:1: 1436 daAuts
     D:7: 1378 daAuts
     D:2: 1370 daAuts
    D:10: 1365 daAuts
     D:4: 1289 daAuts
     D:3: 1265 daAuts
     D:8: 860 daAuts
    D:11: 434 daAuts
  Temple: 320 daAuts
